AoeStats
← bacan4242

Black Forest

510180822Analyzed
3v3 RM · 4d ago on Sep 29, 2026· 74m 8s· 6 players
Game mode
Random Map
Map size
Normal (6 player)
Population
200
Speed
Normal
Resources
Standard
Victory
Conquest
Starting age
Dark Age
Ending age
Imperial Age
RankedLock teamsTeams togetherTeam positionsShared explorationLock speedFull tech treeHidden civsTurbo modeCheats
Victory
Defeat
🇬🇧 Britons · United Kingdom
488
+13
🇩🇰 Persians · Denmark
473
+14
🇹🇷 Romans · Türkiye
438
+16
🇺🇸 Goths · United States
485
-16
🇨🇴 Teutons · Colombia
474
-16
🇪🇸 Persians · Spain
332
-11
MultiFrugtJuice
16:42 Feudal Age
17:56 Wheelbarrow
17:56 Horse Collar
18:07 Double-Bit Axe
19:05 Gold Mining
19:19 Stone Mining
23:58 Castle Age
24:51 Hand Cart
25:04 Bow Saw
25:57 Stone Shaft Mining
26:34 Heavy Plow
27:24 Gold Shaft Mining
32:49 Imperial Age
36:28 Two-Man Saw
42:52 Elite War Elephant
45:14 Guilds
45:07 Caravan
45:46 Coinage
46:33 Scale Barding Armor
46:38 Forging
46:29 Scale Mail Armor
46:29 Padded Archer Armor
46:20 Fletching
47:07 Crop Rotation
47:03 Conscription
47:19 Hoardings
46:15 Sappers
46:56 Citadels
46:47 Kamandaran
47:25 Bloodlines
47:18 Husbandry
46:43 Cavalier
46:46 Crossbowman
47:34 Thumb Ring
47:58 Parthian Tactics
47:36 Squires
47:25 Arson
47:30 Gambesons
49:09 Chemistry
48:20 Masonry
48:00 Heated Shot
48:32 Ballistics
48:03 Guard Tower
48:09 Murder Holes
48:49 Man-at-Arms
48:54 Light Cavalry
51:07 Long Swordsman
52:15 Chain Barding Armor
52:31 Iron Casting
52:11 Chain Mail Armor
52:12 Leather Archer Armor
51:53 Bodkin Arrow
53:32 Savar
55:07 Architecture
56:40 Plate Barding Armor
57:05 Blast Furnace
56:36 Plate Mail Armor
56:37 Ring Archer Armor
59:37 Hussar
bacan4242
0:40 Loom
14:26 Feudal Age
14:50 Horse Collar
15:01 Double-Bit Axe
15:55 Wheelbarrow
16:36 Town Watch
19:18 Man-at-Arms
26:25 Castle Age
25:15 Fletching
25:26 Padded Archer Armor
25:36 Forging
25:26 Scale Mail Armor
27:00 Bloodlines
28:03 Stone Mining
28:04 Gold Mining
28:54 Scale Barding Armor
30:04 Hand Cart
32:10 Bow Saw
32:04 Town Patrol
33:36 Heavy Plow
34:17 Gold Shaft Mining
35:52 Bodkin Arrow
36:12 Leather Archer Armor
36:13 Chain Mail Armor
39:08 Ballistas
43:49 Ballistics
43:20 Guard Tower
43:40 Fortified Wall
43:41 Clinker Construction
43:42 Masonry
44:15 Caravan
44:45 Coinage
45:59 Careening
45:44 Murder Holes
45:24 Long Swordsman
45:25 Pikeman
46:05 Squires
50:19 Imperial Age
52:58 Iron Casting
52:38 Chain Mail Armor
52:53 Ring Archer Armor
52:44 Chain Barding Armor
51:52 Heavy Scorpion
56:23 Blast Furnace
56:03 Keep
55:50 Carvel Hull
57:59 Onager
62:37 Chemistry
63:58 Plate Barding Armor
63:56 Siege Engineers
64:26 Architecture
68:51 Comitatenses
67:52 Elite Centurion
tellsamus
9:13 Loom
11:04 Feudal Age
15:13 Double-Bit Axe
15:10 Horse Collar
19:33 Castle Age
17:20 Town Watch
20:34 Wheelbarrow
20:34 Heavy Plow
21:00 Bow Saw
24:26 Town Patrol
26:41 Hand Cart
27:25 Stone Mining
27:26 Gold Mining
33:23 Caravan
36:02 Yeomen
35:39 Fletching
35:49 Padded Archer Armor
36:00 Forging
35:50 Scale Mail Armor
35:56 Scale Barding Armor
36:15 Bodkin Arrow
39:05 Imperial Age
37:38 Gold Shaft Mining
37:24 Leather Archer Armor
37:38 Ballistics
37:17 Murder Holes
37:03 Treadmill Crane
37:34 Masonry
39:28 Elite Longbowman
40:29 Warwolf
41:01 Conscription
41:24 Hoardings
41:40 Ring Archer Armor
41:23 Bracer
41:46 Chain Mail Armor
42:21 Iron Casting
42:07 Chain Barding Armor
41:40 Arrowslits
42:57 Chemistry
42:09 Fortified Wall
42:30 Architecture
42:06 Siege Engineers
44:35 Plate Mail Armor
72:00 Elite Skirmisher
ruskihitman1
12:35 Feudal Age
15:06 Wheelbarrow
16:46 Horse Collar
21:51 Castle Age
23:00 Hand Cart
23:38 Stone Mining
26:17 Heavy Plow
32:47 Caravan
32:43 Double-Bit Axe
39:15 Stone Shaft Mining
38:31 Gold Mining
39:35 Town Watch
39:36 Loom
41:03 Town Patrol
41:23 Bow Saw
42:03 Husbandry
41:26 Light Cavalry
42:20 Bloodlines
43:18 Forging
43:08 Scale Mail Armor
43:14 Scale Barding Armor
42:59 Fletching
43:09 Padded Archer Armor
47:28 Imperial Age
44:29 Elite Skirmisher
44:29 Crossbowman
48:06 Iron Casting
47:46 Chain Mail Armor
47:51 Chain Barding Armor
47:27 Bodkin Arrow
47:47 Leather Archer Armor
49:16 Chemistry
48:36 Ballistics
48:07 Heated Shot
47:58 Treadmill Crane
48:13 Murder Holes
48:29 Masonry
49:43 Two-Man Saw
49:16 Conscription
48:31 Sappers
49:04 Anarchy
48:26 Elite Huskarl
49:07 Perfusion
48:38 Heavy Cavalry Archer
48:51 Cavalier
48:54 Hussar
49:28 Onager
51:39 Pikeman
51:40 Man-at-Arms
52:21 Squires
53:57 Halberdier
53:57 Long Swordsman
sstylevines
16:05 Feudal Age
17:33 Wheelbarrow
16:44 Horse Collar
16:54 Double-Bit Axe
17:51 Gold Mining
17:54 Stone Mining
38:14 Castle Age
39:10 Hand Cart
39:35 Gold Shaft Mining
39:39 Stone Shaft Mining
39:21 Bow Saw
39:16 Heavy Plow
39:19 Caravan
39:58 Coinage
39:32 Caravan
40:12 Forging
39:52 Fletching
40:03 Padded Archer Armor
40:04 Scale Mail Armor
40:10 Scale Barding Armor
48:05 Imperial Age
49:33 Iron Casting
48:53 Bodkin Arrow
49:14 Leather Archer Armor
54:38 Banking
54:20 Guilds
55:20 Two-Man Saw
54:53 Crop Rotation
54:00 Elite War Elephant
54:38 Heavy Scorpion
64:45 Blast Furnace
64:01 Chain Mail Armor
64:16 Ring Archer Armor
64:07 Chain Barding Armor
73:17 Plate Barding Armor
mig8at
15:35 Feudal Age
19:02 Wheelbarrow
20:00 Double-Bit Axe
26:54 Castle Age
26:48 Horse Collar
27:03 Gold Mining
27:28 Forging
27:19 Scale Mail Armor
27:11 Fletching
27:21 Padded Archer Armor
30:22 Bow Saw
32:37 Stone Mining
32:27 Elite Skirmisher
34:03 Bodkin Arrow
34:24 Leather Archer Armor
36:02 Hand Cart
43:17 Imperial Age
41:57 Iron Casting
42:51 Masonry
42:50 Heated Shot
43:26 Ballistics
43:27 Chain Mail Armor
43:18 Scale Barding Armor
43:41 Bloodlines
43:45 Squires
45:11 Arrowslits
46:36 Fishing Lines
46:59 Elite Teutonic Knight
48:57 Chain Barding Armor
49:01 Pikeman
52:09 Cavalier
56:39 Chemistry
55:26 Onager
56:50 Conscription
56:53 Crenellations
70:53 Blast Furnace
70:24 Plate Mail Armor
70:26 Ring Archer Armor
Connection lost

Rejoining the realm…

Still unreachable

The connection could not be restored.

Session expired

The server has moved on; the page needs a fresh start.